 Dungeon Crawl Stone Soup version 0.22-a0-785-g6253c82ace (webtiles) character file.

756 Htamos the Chiller (level 7, -5/44 HPs)
             Began as a Gargoyle Ice Elementalist on July 20, 2018.
             Slain by an ogre
             ... wielding a +0 giant club
              (24 damage)
             ... on level 6 of the Dungeon.
             The game lasted 00:11:20 (5275 turns).

Htamos the Chiller (Gargoyle Ice Elementalist)      Turns: 5275, Time: 00:11:21

Health: -5/44      AC:  8    Str: 14    XL:     7   Next: 79%
Magic:  0/11       EV: 11    Int: 17    God:
Gold:   231        SH:  3    Dex: 10    Spells: 9/12 levels left

rFire    . . .     SeeInvis .   h - +0 short sword
rCold    . . .     Gourm    .   x - +0 buckler
rNeg     + . .     Faith    .   e - +0 leather armour
rPois    ∞         Spirit   .   (helmet restricted)
rElec    +         Reflect  .   (no cloak)
rCorr    .         Harm     .   d - +0 pair of gloves
MR       .....                  (no boots)
Stlth    ++........             (no amulet)
HPRegen  0.14/turn              (no ring)
MPRegen  0.12/turn              (no ring)

@: about to teleport
A: horns 1, negative energy resistance 1, electricity resistance, strong 1,
unbreathing, petrification resistance, rot immunity, MP-powered wands, AC +4
a: no special abilities


You were on level 6 of the Dungeon.
You were not hungry.

You visited 1 branch of the dungeon, and saw 6 of its levels.

You collected 231 gold pieces.

Inventory:

Hand Weapons
 h - a +0 short sword (weapon)
Armour
 a - a +0 robe
 d - a +0 pair of gloves (worn)
 e - a +0 leather armour (worn)
 g - a +2 helmet
 k - a +0 scale mail
 n - a +0 ring mail
 x - a +0 buckler (worn)
Jewellery
 l - an uncursed ring of protection from cold
 o - a cursed ring of teleportation {unknown}
 w - an uncursed ring of see invisible {unknown}
Wands
 i - a wand of random effects (19)
Scrolls
 f - 2 scrolls of magic mapping
 j - 2 scrolls of enchant armour
 p - 4 scrolls of teleportation
 q - 2 scrolls of remove curse
Potions
 b - a potion of heal wounds
 m - a potion of curing {unknown}
 r - a potion of degeneration {unknown}
 s - a potion of resistance {unknown}
 t - a potion of brilliance {unknown}
 u - a potion of flight {unknown}
 v - a potion of haste {unknown}
Comestibles
 c - 9 rations
 z - 7 chunks of flesh


   Skills:
 * Level 4.3 Fighting
 + Level 2.9 Dodging
 + Level 4.0 Stealth
 + Level 3.2 Spellcasting
 * Level 3.0 Conjurations
 * Level 5.2 Ice Magic


You had 9 spell levels left.
You knew the following spells:

 Your Spells              Type           Power        Failure   Level  Hunger
a - Freeze                Ice            ###.         4%          1    None
b - Throw Frost           Conj/Ice       ###...       10%         2    ##.....

Your spell library contained the following spells:

 Spells                   Type           Power        Failure   Level  Hunger
 Animate Dead             Necr           N/A          98%         4    ####...
 Pain                     Necr           #...         36%         1    None
 Animate Skeleton         Necr           N/A          36%         1    None
 Vampiric Draining        Necr           #.........   73%         3    ###....
 Summon Ice Beast         Ice/Summ       ##......     77%         4    ####...
 Ozocubu's Armour         Chrm/Ice       ##......     36%         3    ###....
 Regeneration             Chrm/Necr      #.........   73%         3    ###....
 Throw Icicle             Conj/Ice       ###.....     54%         4    ####...


Dungeon Overview and Level Annotations

Branches:
Dungeon (6/15)
 Temple: D:4-7

Altars:
Cheibriados
Gozag
Okawaru
Zin
The Shining One


Innate Abilities, Weirdness & Mutations

You are resistant to torment.
Your stone body is resilient. (AC +4)
You are immune to poison.
You resist negative energy. (rN+)
You are resistant to electric shocks. (rElec)
You can survive without breathing.
You are immune to petrification.
You are immune to rotting.
You have a pair of small horns on your head.
Your muscles are strong. (Str +2)
You expend magic power (3 MP) to strengthen your wands.


Message History

Aiming: Random Effects
Press: ? - help, Shift-Dir - straight line, f/p - ogre
Aim: an ogre, wielding a giant club (fast)
The ogre resists with significant effort.
* * * LOW MAGIC WARNING * * *
You feel a surge of power! The ogre hits you with a giant club!
Evoke which item? (* to show all) (? for menu, Esc to quit)
Aiming: Random Effects
Press: ? - help, Shift-Dir - straight line, f/p - ogre
Aim: an ogre, wielding a giant club (fast)
The ogre flickers and vanishes!
Deactivating autopickup; reactivate with Ctrl-A.
* * * LOW MAGIC WARNING * * *
You feel a slight surge of power. Something hits you. x2
Something hits you!
* * * LOW HITPOINT WARNING * * *
As you read the scroll of teleportation, it crumbles to dust.
You feel strangely unstable. Something hits you!!
Ouch! That really hurt!
You die...

...$ #..# .....
####..#
#.....###.....#
........#.##.#######
#.....#.............
##..O ###.##.######
##. #.##.# # #.##.#
#.##@# #.##.# #.##.#
#.##.# #.##<####
#....)..#######
####........<.#
#......#####.#
#.######


There were no monsters in sight!

Vanquished Creatures
  An ice beast (D:4)
  An ogre (D:3)
  A centaur (D:6)
  2 crimson imps (D:5)
  A hound (D:5)
  3 orc wizards (D:5)
  3 bullfrog skeletons (D:5)
  3 worker ants
  5 gnolls
  3 adders
  An ooze (D:4)
  2 worms
  A dart slug (D:3)
  11 orcs
  A ball python (D:3)
  3 giant cockroaches
  6 goblins
  A hobgoblin (D:2)
  A kobold (D:2)
  3 quokkas
  10 bats
  10 frilled lizards
  A giant cockroach zombie (D:5)
  5 rats
79 creatures vanquished.

Notes
Turn   | Place    | Note
-------+----------+-------------------------------------------
     0 | D:1      | Htamos the Gargoyle Ice Elementalist began the quest for the Orb.
     0 | D:1      | Reached XP level 1. HP: 10/10 MP: 3/3
   424 | D:1      | Reached XP level 2. HP: 16/16 MP: 5/5
   485 | D:1      | Learned a level 2 spell: Throw Frost
   980 | D:2      | Reached XP level 3. HP: 20/20 MP: 3/6
  1042 | D:2      | Reached skill level 1 in Fighting
  1209 | D:2      | Found a glowing silver altar of Zin.
  1209 | D:2      | Found an opulent altar of Gozag.
  1534 | D:2      | Found a glowing golden altar of the Shining One.
  1786 | D:3      | Noticed an ogre
  1873 | D:3      | Reached XP level 4. HP: 25/25 MP: 0/7
  2135 | D:3      | Found an iron altar of Okawaru.
  2343 | D:3      | Found a snail-covered altar of Cheibriados.
  2514 | D:3      | Reached XP level 5. HP: 30/30 MP: 6/8
  2886 | D:2      | Gained mutation: You expend magic power (3 MP) to strengthen your wands. [potion of mutation]
  2886 | D:2      | Gained mutation: Your muscles are strong. (Str +2) [potion of mutation]
  2886 | D:2      | Gained mutation: You have a pair of small horns on your head. [potion of mutation]
  2900 | D:3      | Killed an ogre
  2900 | D:3      | Reached skill level 4 in Ice Magic
  3338 | D:4      | Reached XP level 6. HP: 19/37 MP: 6/10
  3531 | D:4      | Found an opulent altar of Gozag.
  3867 | D:5      | Entered Level 5 of the Dungeon
  3916 | D:5      | Noticed an ice beast
  4494 | D:4      | Killed an ice beast
  4494 | D:4      | Reached XP level 7. HP: 34/42 MP: 1/11
  4702 | D:5      | Reached skill level 5 in Ice Magic
  5275 | D:6      | Slain by an ogre

Vault maps used:
D:1:      lightli_arrival_statue_moat, hangedman_decor_diamond_cutter
D:2:      grunt_temple_overflow_gold_and_silver, lemuel_coloured_pillars_altar
D:3:      kennysheep_slug_shrine, kennysheep_crisscross,
          okawaru_altar_gauntlet_db
D:4:      nicolae_gozag_seed_capital
D:5:      first_ration, grunt_ministairs_6
D:6:      minmay_temple_entry_large_hall, serial_shops, shop

Skill      XL: |  1  2  3  4  5  6  7 |
---------------+----------------------+-----
Fighting       | 1 2 3 4 |  4.3
Dodging        | 2 |  2.9
Stealth        | 3 4 |  4.0
Ice Magic      | 4 5 |  5.2
Conjurations   | 2 3 |  3.0
Spellcasting   | 3 |  3.2

Action                   |  1- 3 |  4- 6 |  7- 9 || total
-------------------------+-------+-------+-------++-------
Melee: Short sword       |    57 |   135 |    12 ||   204
       Unarmed           |     3 |       |       ||     3
       Headbutt          |       |    14 |     1 ||    15
 Cast: Freeze            |    12 |    39 |    13 ||    64
       Throw Frost       |    16 |    10 |    10 ||    36
Evoke: Wand              |       |     6 |     4 ||    10
  Use: Scroll            |     4 |     4 |     1 ||     9
       Potion            |       |     2 |       ||     2
 Stab: Sleeping          |     3 |     2 |       ||     5
       Paralysed         |       |     2 |       ||     2
  Eat: Chunk             |     3 |    10 |     3 ||    16
Armor: Leather armour    |    47 |    67 |     8 ||   122
Dodge: Dodged            |    53 |   118 |    13 ||   184
Block: Buckler           |       |       |     2 ||     2

Table legend:
 A = Spawn XP
 B = Non-spawn XP
 C = Spawn XP percentage of total XP
 D = Spawn monster count
 E = Non-spawn monster count
 F = Spawn count percentage of total count
 G = Total turns spent on level
                    A         B        C        D         E        F      G
               +---------+---------+-------+---------+---------+-------+---------
         Total |       0 |    1081 |   0.0 |       0 |      79 |   0.0 |  5275
               +---------+---------+-------+---------+---------+-------+---------
           D:1 |       0 |      27 |   0.0 |       0 |      11 |   0.0 |   792
           D:2 |       0 |      25 |   0.0 |       0 |      13 |   0.0 |   894
           D:3 |       0 |     243 |   0.0 |       0 |      24 |   0.0 |  1342
           D:4 |       0 |     214 |   0.0 |       0 |      10 |   0.0 |  1291
           D:5 |       0 |     453 |   0.0 |       0 |      20 |   0.0 |   868
           D:6 |       0 |     119 |   0.0 |       0 |       1 |   0.0 |    88
               +---------+---------+-------+---------+---------+-------+---------
